 Dungeon Crawl Stone Soup version 0.14-a0-882-gdff4d47 (webtiles) character file.

310 JacquesDerrida the Chopper (level 6, -1/50 HPs)
             Began as a Hill Orc Gladiator on Nov 17, 2013.
             Was an Initiate of Beogh.
             Slain by an ogre
             ... wielding a +0,+0 great mace
              (15 damage)
             ... on Level 4 of the Dungeon.
             The game lasted 00:04:42 (2681 turns).

JacquesDerrida the Chopper (Hill Orc Gladiator)     Turns: 2681, Time: 00:04:42

HP  -1/50        AC  9     Str 19      XL: 6   Next:  2%
MP   5/5         EV  8     Int  9      God: Beogh [......]
Gold 82          SH  0     Dex 11      Spells:  0 memorised,  5 levels left

Res.Fire  : . . .   See Invis. : .   C - +1,+4 hand axe (flame)
Res.Cold  : . . .   Warding    : .   w - +0 scale mail (curse)
Life Prot.: . . .   Conserve   : .   (no shield)
Res.Poison: .       Res.Corr.  : .   c - +0 orc helmet
Res.Elec. : .       Clarity    : .   (no cloak)
Sust.Abil.: . .     Spirit.Shd : .   (no gloves)
Res.Mut.  : .       Stasis     : .   q - +0 pair of boots
Res.Rott. : .       Flight     : .   (no amulet)
Saprovore : + . .                    (no ring)
                                     (no ring)

@: slightly resistant to hostile enchantments, extremely unstealthy
A: saprovore 1
a: Renounce Religion


You were on level 4 of the Dungeon.
You worshipped Beogh.
Beogh was noncommittal.
You were not hungry.

You visited 1 branch of the dungeon, and saw 4 of its levels.

You collected 82 gold pieces.

Inventory:

Hand weapons
 a - a +0,+0 orcish hand axe
 C - a +1,+4 hand axe of flaming (weapon)
Missiles
 d - 3 throwing nets (quivered)
Armour
 b - a +0 orcish leather armour
 c - a +0 orcish helmet (worn)
 p - a +0 ring mail
 q - a +0 pair of boots (worn)
 w - a cursed +0 scale mail (worn)
Comestibles
 f - 3 meat rations
 g - 12 strawberries
 l - a rotting chunk of iguana flesh
 o - 3 rotting chunks of worker ant flesh
 u - 2 bread rations
Scrolls
 e - a scroll of remove curse
 i - a scroll of enchant weapon II {unknown}
 j - a scroll of curse armour {unknown}
 k - 3 scrolls of identify
 n - 2 scrolls of enchant weapon I {unknown}
 r - a scroll of magic mapping {unknown}
 y - 2 scrolls of fear {unknown}
 B - a scroll of random uselessness {unknown}
Jewellery
 m - the amulet "Mness" {rCorr Str-4 Int+3}
   (You found it on level 4 of the Dungeon)

   [amulet of resist corrosion]

   It affects your strength (-4).
   It affects your intelligence (+3).
Potions
 h - 2 potions of brilliance
 v - a potion of agility
Magical staves
 x - an uncursed staff of air {unknown}


   Skills:
 - Level 2.4 Fighting
 * Level 7.4 Axes
 - Level 2.0 Throwing
 + Level 3.2 Armour
 - Level 2.4 Dodging


You had 5 spell levels left.
You didn't know any spells.

Dungeon Overview and Level Annotations

Branches:
Dungeon (4/16)
 Temple: D:4-7

Altars:
Vehumet
Zin


Innate Abilities, Weirdness & Mutations

You can tolerate rotten meat.


Message History

You barely miss the ogre. The ogre hits you with a great mace!
You hit the ogre. You burn the ogre.
The ogre is lightly wounded.
You slash the ogre! You burn the ogre.
The ogre is heavily wounded.
The ogre hits you with a great mace.
You hit the ogre. You burn the ogre.
The ogre is severely wounded.
The ogre hits you with a great mace!
You barely miss the ogre.
The ogre is severely wounded.
You slash the ogre! You burn the ogre.
The ogre is almost dead.
The ogre hits you with a great mace!
* * * LOW HITPOINT WARNING * * *
You are too injured to fight recklessly!
You hit the ogre. You burn the ogre.
The ogre is almost dead.
The ogre hits you with a great mace!
You die...

###.......#.#
.........%#.####
..............<.#
#######.#......#
#.#.......
########.######.# #
#.$......# #.#
##.##.##........######.#
#.....O@................
.......##.......#######.#
..... ####.#### #.# ....
#.# #.# ..$ #.# ... . ...
... #.# .#.# .#.# ..#.#


You could see an ogre.

Vanquished Creatures
  An ogre (D:4)
  An iguana (D:4)
  A worker ant (D:4)
  3 adders
  A worm (D:3)
  2 giant geckos
  3 orcs (D:3)
  3 ball pythons
  3 bats
  A giant cockroach (D:1)
  11 goblins
  7 hobgoblins
  4 jackals (D:1)
  5 kobolds
  5 giant newts
  A quokka (D:2)
  13 rats
65 creatures vanquished.

Vanquished Creatures (others)
  A kobold (D:3)
1 creature vanquished.

Grand Total: 66 creatures vanquished

Notes
Turn   | Place    | Note
--------------------------------------------------------------
     0 | D:1      | JacquesDerrida, the Hill Orc Gladiator, began the quest for the Orb.
     0 | D:1      | Reached XP level 1. HP: 18/18 MP: 0/0
   125 | D:1      | Reached XP level 2. HP: 13/25 MP: 1/1
   461 | D:1      | Reached skill level 5 in Axes
   475 | D:1      | Reached skill level 1 in Armour
   528 | D:1      | Reached XP level 3. HP: 24/30 MP: 2/2
  1001 | D:2      | Found a glowing silver altar of Zin.
  1473 | D:3      | Reached XP level 4. HP: 31/38 MP: 3/3
  1623 | D:3      | Found a radiant altar of Vehumet.
  1750 | D:3      | Became a worshipper of Beogh the Brigand
  2196 | D:3      | Reached skill level 6 in Axes
  2385 | D:4      | Noticed an ogre
  2404 | D:4      | Killed an ogre
  2404 | D:4      | Reached XP level 5. HP: 27/44 MP: 4/4
  2412 | D:4      | Reached skill level 7 in Axes
  2425 | D:4      | Got a wavering iron amulet
  2440 | D:4      | Identified the amulet "Mness" {rCorr Str-4 Int+3} (You found it on level 4 of the Dungeon)
  2462 | D:4      | Reached XP level 6. HP: 18/50 MP: 5/5
  2673 | D:4      | Noticed an ogre
  2681 | D:4      | Slain by an ogre

Action                   |  1- 3 |  4- 6 || total
-------------------------+-------+-------++-------
Melee: Hand axe          |   159 |    77 ||   236
Invok: Convert to Beogh  |       |     1 ||     1
  Use: Scroll            |     1 |     1 ||     2
       Potion            |       |     7 ||     7
